Olwyn, lawful female dwarven Valkyrie 5 55445 5 5 --------- |...V...| |.......| |...h@..| |.......| | |.......| | @ |. ----A----II| |............4| ---....%I...--- -----)----- --...)...-- --........)-------- |..5........|...... --........)--...- --.......--....| - ----&----I..--- |....I!.))*....)| ----------------- Olwyn the Heroine Experience level: 22 Strength: 21 Dexterity: 20 Constitution: 20 Intelligence: 12 Wisdom: 16 Charisma: 14 Health: 186(205) Energy: 51(51) Def: 41 Gold: 504 Moves: 36185 Dungeon seed: glcPh6iibTz-gF-b Game ID: Olwyn_1529092208 Your Inventory: Coins $ - 504 gold pieces Amulets R - an uncursed amulet of reflection (being worn) Weapons a - the blessed rustproof +7 Excalibur (weapon in hand) h - 6 blessed +0 darts of frost (in quiver) C - a blessed rustproof +7 long sword of fire (wielded in other hand) Z - the blessed rustproof +0 Sceptre of Might Armor c - a blessed +3 blue dragon scale mail (being worn) f - a blessed +4 Hawaiian shirt (being worn) z - a blessed thoroughly burnt +7 pair of leather gloves (being worn) A - a blessed thoroughly burnt +3 pair of water walking boots (being worn) X - a blessed very burnt +6 elven leather helm (being worn) Y - a blessed very burnt +3 cloak of magic resistance (being worn) Comestibles L - an uncursed male lizard corpse W - an uncursed frostberry Spellbooks m - the uncursed Book of the Dead Rings d - an uncursed ring of free action (on left hand) K - an uncursed ring of levitation U - an uncursed ring of teleport control Wands g - an uncursed wand of digging (0:5) j - an uncursed wand of digging (0:5) l - an uncursed wand of cancellation (0:3) q - an uncursed wand of cold (0:6) B - an uncursed wand of sleep (0:7) G - an uncursed wand of teleportation (0:0) N - an uncursed wand of death (2:1) Tools e - an uncursed skeleton key n - a blessed tooled horn named THE HORN OF YENDOR r - the uncursed Candelabrum of Invocation (7 candles attached) (0:199) u - a blessed +0 unicorn horn w - a blessed greased fireproof bag of holding x - an uncursed towel F - a cursed oil lamp (0:402) P - an uncursed stethoscope S - the blessed Orb of Fate (0:5) T - the uncursed Bell of Opening (0:2) Gems E - an uncursed luckstone Contents of the bag of holding: an uncursed amulet of life saving 2 uncursed +0 elven daggers 6 uncursed K-rations 4 uncursed food rations 2 uncursed fortune cookies a blessed scroll of blank paper 4 uncursed scrolls of blank paper 2 cursed scrolls of blank paper 2 blessed scrolls of charging an uncursed scroll of confuse monster an uncursed scroll of enchant weapon an uncursed scroll of genocide a cursed scroll of genocide a cursed scroll of magic mapping 3 blessed scrolls of remove curse an uncursed scroll of remove curse a blessed scroll of scare monster an uncursed scroll of summoning a blessed scroll of teleportation 20 uncursed scrolls of teleportation an uncursed potion of enlightenment 2 uncursed potions of full healing a cursed potion of gain energy 7 potions of holy water a blessed potion of levitation an uncursed potion of oil a potion of unholy water an uncursed +3 ring of carrying an uncursed ring of fire immunity an uncursed ring of fire immunity an uncursed ring of fire immunity an uncursed ring of free action an uncursed +1 ring of gain strength an uncursed +2 ring of increase damage an uncursed ring of invisibility an uncursed ring of levitation an uncursed ring of levitation an uncursed ring of polymorph control a blessed ring of shock immunity an uncursed ring of sustain ability an uncursed ring of teleport control an uncursed ring of teleportation an uncursed wand of cold (0:7) an uncursed wand of cold (0:5) an uncursed wand of cold (0:5) a blessed wand of digging (0:8) an uncursed wand of digging (0:6) an uncursed wand of digging (0:6) an uncursed wand of digging (0:5) an uncursed wand of digging (0:4) an uncursed wand of digging (0:4) an uncursed wand of digging (0:3) an uncursed wand of fire (0:4) an uncursed wand of magic missile (0:6) an uncursed wand of magic missile (0:3) an uncursed wand of magic missile (0:0) an uncursed wand of polymorph (0:2) an uncursed wand of polymorph (0:2) an uncursed wand of probing (0:3) an uncursed wand of secret door detection (0:10) a blessed wand of sleep (0:8) an uncursed wand of sleep (0:4) an uncursed wand of sleep (0:1) an uncursed wand of slow monster (0:6) an uncursed wand of slow monster (0:2) an uncursed wand of speed monster (0:6) an uncursed wand of striking (0:6) an uncursed wand of striking (0:5) an uncursed wand of striking (0:4) an uncursed wand of teleportation (0:7) an uncursed wand of teleportation (0:5) an uncursed wand of wishing (1:1) a blessed magic marker (1:27) an uncursed magic marker (1:4) a cursed +0 unicorn horn Spells and supernatural/magical abilities: Name Level Category Cost Memory a - force bolt 1 attack 8pw 95% d - dig 2 matter 16pw 86% e - charm monster 3 enchantment 31pw 95% j - jumping 1 escape 8pw 89% n - detect monsters 1 divination 8pw 95% s - slow monster 2 enchantment 16pw 48% u - confuse monster 2 enchantment 16pw 89% v - clairvoyance 3 divination 31pw 95% x - extra healing 3 healing 24pw 89% z - sleep 1 enchantment 8pw 86% F - finger of death 7 attack 7000pw 100% N - summon nasty 7 clerical 7000pw 100% O - summoning 2 clerical 16pw 89% T - turn undead 6 clerical 6000pw 90% V - teleportitis -- ability ? -- W - pray for help -- divine ? -- Your skills at the end: Fighting Skills two weapon combat [Skilled] wands [Skilled] Weapon Skills dagger [Basic] long sword [Expert] Spellcasting Skills Final Attributes: You were devoutly aligned. You were fire resistant. You were immune to cold. You were sleep resistant. You were disintegration-resistant. You were immune to electricity. You were poison resistant. You were magic resistant. You were level-drain resistant. You were warned. You had infravision. You were visible. You were stealthy. You aggravated monsters. You were conflicting. You could teleport at will. You could walk on water. You were protected. You were very fast. You had reflection. You had free action. You were wielding two weapons at once. You were very lucky. You had extra luck. Good luck did not time out for you. You last prayed 1065 turns ago. Tyr was extremely exalted with you. You survived. Vanquished creatures: Asmodeus Orcus Juiblex The Wizard of Yendor (9 times) Death (twice) Pestilence (twice) a high priest 2 mastodons Medusa 13 krakens an iron golem 2 storm giants a glass golem 2 balrogs 3 purple worms 3 gray dragons a silver dragon 5 white dragons 2 orange dragons 3 black dragons 3 blue dragons a yellow dragon 26 minotaurs 4 jabberwocks 2 pit fiends Lord Surtur 5 baluchitheria 6 Angels a demilich Vlad the Impaler 2 Olog-hai a sandestin 2 hell hounds 3 titanotheres 2 trappers a baby shimmering dragon 2 baby white dragons 2 baby orange dragons a baby blue dragon a baby green dragon 2 baby yellow dragons 16 vampire lords 5 shades 5 skeletons 7 aligned priests 3 captains 4 liches a water troll a clay golem 4 nurses 4 ice devils 4 nalfeshnees 3 lurkers above a frost giant 2 ettins a golden naga 10 black puddings 22 vampires 23 ghosts 9 lieutenants a knight a monk a rogue a valkyrie a queen bee 3 winged gargoyles 2 mind flayers 10 giant mimics 2 zruties 22 fire giants 4 ogre kings 3 ice trolls 7 rock trolls 3 umber hulks a flesh golem 5 Elvenkings a doppelganger 9 hezrous 22 bone devils 5 large mimics 3 wumpuses 4 fire vortices a baby long worm 5 long worms 6 stalkers 2 air elementals 2 fire elementals 3 earth elementals 2 water elementals 7 hill giants 3 giant mummies a black naga 5 xorns 17 giant zombies 6 elf-lords 15 sergeants a water demon 2 barbed devils 13 vrocks 2 salamanders 12 wargs 3 winter wolves 5 hell hound pups 18 small mimics a warhorse 3 steam vortices 7 xans 3 ettin mummies 12 ogre lords 4 quantum mechanics 14 trolls 2 sasquatches 5 mariliths 8 sharks 8 electric eels 3 gelatinous cubes 4 pyrolisks 4 large dogs 5 flaming spheres 7 shocking spheres 2 large cats 3 tigers 2 gargoyles a dwarf king 2 tengu 4 ochre jellies 6 leocrottas 2 energy vortices 5 mountain centaurs 6 stone giants 3 human mummies 3 red nagas a green slime 3 pit vipers 3 pythons 2 cobras 25 wraiths 2 carnivorous apes 14 ettin zombies a leather golem a Grey-elf 76 soldiers 2 horned devils 5 incubi 4 chameleons 5 crocodiles 12 giant beetles 5 quivering blobs 13 cockatrices 11 wolves 8 winter wolf cubs 3 lynxes 3 panthers 4 gremlins 20 leprechauns 3 orc-captains 7 iron piercers a mumak 17 giant spiders 4 scorpions 5 horses 2 ice vortices 3 black lights 11 vampire bats 3 forest centaurs a gnome king an orc mummy 4 dwarf mummies 9 ogres 6 brown puddings 6 rust monsters 6 owlbears 3 yetis 4 gold golems 2 werewolves a Green-elf 6 piranhas 17 giant eels 19 lizards 2 warriors 5 chickatrices 3 dogs 6 dingos a housecat 7 jaguars a dwarf lord 4 blue jellies 3 white unicorns 6 dust vortices 3 ravens 5 plains centaurs 3 gnome mummies 7 snakes 2 water moccasins 19 apes 45 human zombies a rope golem 11 Woodland-elves 3 soldier ants 55 fire ants 19 bugbears 4 imps 5 quasits 3 wood nymphs 3 water nymphs 2 mountain nymphs 27 Mordor orcs 2 Uruk-hai 18 orc shamans 10 rock piercers 2 rock moles 4 ponies 7 fog clouds 7 yellow lights 2 shriekers 5 violet fungi 3 gnome lords a kobold mummy a red naga hatchling a black naga hatchling a guardian naga hatchling 7 gray oozes a barrow wight 15 elf zombies 12 ghouls 2 paper golems 4 jellyfish 16 giant ants 3 little dogs 8 floating eyes 3 kittens a kobold lord 4 kobold shamans 36 hill orcs 23 rothes 2 rabid rats a centipede 3 giant bats 5 monkeys 48 orc zombies 14 dwarf zombies a wererat a werejackal 12 iguanas 39 killer bees 6 acid blobs 6 coyotes a manes 4 large kobolds 24 hobgoblins 16 giant rats 7 cave spiders 5 yellow molds 2 green molds 2 red molds 12 gnomes 24 garter snakes 13 gnome zombies 14 geckos 23 jackals 2 foxes 5 kobolds 12 goblins 9 sewer rats 13 grid bugs 7 bats 11 lichens 16 kobold zombies 8 newts 1807 creatures vanquished. Genocided species: mind flayers master mind flayers liches demiliches master liches arch-liches disenchanters jellyfish piranhas sharks giant eels electric eels krakens 13 species genocided. Voluntary challenges: You used a wielded weapon 2941 times, starting on turn 118. You read items or engraved 351 times, starting on turn 2004. You genocided 13 types of monsters, starting on turn 25525. You polymorphed 8 items, starting on turn 26310. You changed form 1 time, starting on turn 10624. You used 5 wishes, starting on turn 25294. You wished for your your first artifact on turn 25298. You split 9 puddings, starting on turn 5778. You wrote Elbereth's name 1 time, starting on turn 2004. You violated your moral code, losing 890 points of alignment, starting on turn 8520. Dungeon overview: The Dungeons of Doom: levels 1 to 27 Level 1 stairs to The Elemental Planes Level 2 an armor shop Level 3 a hardware shop, some fountains, a vault stairs to The Gnomish Mines Level 4 a general store, a fountain Level 5 a general store, a fountain Level 6 a fountain Level 7 stairs to Sokoban Level 8 Level 9 a fountain Level 10 Level 11 an altar to Tyr Level 12 Level 13 (quest portal) an altar to Loki, a fountain portal to The Quest Level 14 a fountain Level 15 a fountain Level 16 Level 17 a vault Level 18 (come back with bag) a scroll shop, some sinks Level 19 (scroll of charging and potion of gain level in shop) a general store, a sink Level 20 an altar to Tyr, some sinks Level 21 (lep infestation) Level 22 Level 23 Level 24 a fountain Level 25 Level 26 a fountain, a sink Level 27 a fountain Gehennom: levels 28 to 49 Level 28 a temple to Moloch stairs to The Dungeons of Doom Level 29 Level 30 Level 31 Level 32 a fountain Level 33 Level 34 an altar to Moloch Level 35 Level 36 Level 37 Level 38 some shops, an altar to Moloch stairs to Vlad's Tower Level 39 Level 40 Level 41 some sinks Level 42 Level 43 Level 44 Level 45 Level 46 some altars to Moloch Level 47 a fountain Level 48 Level 49 a high altar, a temple to Moloch The Gnomish Mines: levels 4 to 11 Level 4 stairs to The Dungeons of Doom Level 5 Level 6 Level 7 many shops, a temple to Odin, some fountains Level 8 Level 9 Level 10 Level 11 many altars to Moloch, some fountains The Quest: levels 1 to 6 Level 1 a fountain portal to The Dungeons of Doom Level 2 Level 3 Level 4 Level 5 Level 6 Sokoban: levels 3 to 6 Level 3 Level 4 Level 5 Level 6 Solved stairs to The Dungeons of Doom Vlad's Tower: levels 35 to 37 Level 35 Level 36 Level 37 stairs to Gehennom The Elemental Planes: Astral Plane <- You were here a high altar Plane 4 portal to The Elemental Planes Plane 3 portal to The Elemental Planes Plane 2 portal to The Elemental Planes Plane 1 portal to The Elemental Planes History has recorded: On T:1 you entered the Dungeons of Doom to retrieve the Amulet of Yendor! On T:264 you reached level 2 of The Dungeons of Doom. On T:781 you reached level 3 of The Dungeons of Doom. On T:1002 you advanced to experience level 2. On T:1039 you reached level 4 of The Dungeons of Doom. On T:1148 you advanced to experience level 3. On T:1384 you advanced to experience level 4. On T:1840 you reached level 5 of The Dungeons of Doom. On T:2275 you advanced to experience level 5. On T:2339 you reached level 6 of The Dungeons of Doom. On T:2877 you advanced to experience level 6. On T:3344 you advanced to experience level 7. On T:3607 you reached level 1 of The Gnomish Mines. On T:3696 you reached level 2 of The Gnomish Mines. On T:4128 you reached level 3 of The Gnomish Mines. On T:4410 you reached level 4 of The Gnomish Mines. On T:5179 you reached level 7 of The Dungeons of Doom. On T:5301 you advanced to experience level 8. On T:5804 you reached level 4 of Sokoban. On T:6074 you reached level 3 of Sokoban. On T:6598 you reached level 2 of Sokoban. On T:6882 you reached level 1 of Sokoban. On T:7949 you advanced to experience level 9. On T:8064 you reached level 8 of The Dungeons of Doom. On T:8515 you reached level 9 of The Dungeons of Doom. On T:8915 you reached level 10 of The Dungeons of Doom. On T:9982 you reached level 5 of The Gnomish Mines. On T:10299 you reached level 6 of The Gnomish Mines. On T:10569 you reached level 7 of The Gnomish Mines. On T:10832 you reached level 8 of The Gnomish Mines. On T:11207 you advanced to experience level 10. On T:13252 you reached level 11 of The Dungeons of Doom. On T:13857 you received Mjollnir from Tyr. On T:14680 you advanced to experience level 11. On T:16936 you reached level 12 of The Dungeons of Doom. On T:17079 you advanced to experience level 12. On T:17418 you reached level 13 of The Dungeons of Doom. On T:17738 you reached level 14 of The Dungeons of Doom. On T:18020 you reached level 15 of The Dungeons of Doom. On T:18381 you reached level 16 of The Dungeons of Doom. On T:18611 you reached level 17 of The Dungeons of Doom. On T:19071 you reached level 1 of The Quest. On T:19826 you reached level 18 of The Dungeons of Doom. On T:20038 you reached level 19 of The Dungeons of Doom. On T:20044 you advanced to experience level 13. On T:20485 you reached level 20 of The Dungeons of Doom. On T:20802 you reached level 21 of The Dungeons of Doom. On T:20863 you reached level 22 of The Dungeons of Doom. On T:21006 you reached level 23 of The Dungeons of Doom. On T:21029 you reached level 24 of The Dungeons of Doom. On T:21217 you advanced to experience level 14. On T:21336 you reached level 25 of The Dungeons of Doom. On T:21670 you killed Medusa on level 23 of The Dungeons of Doom. On T:23555 you advanced to experience level 15. On T:24240 you reached level 26 of The Dungeons of Doom. On T:24428 you reached The Castle. On T:24544 you advanced to experience level 16. On T:25135 you advanced to experience level 17. On T:25294 you wished for "blessed fixed greased bag of holding". On T:25298 you wished for "blessed fixed +3 Sceptre of Might". On T:25525 you genocided disenchanters. On T:25708 you wished for "3 uncursed scrolls of genocide". On T:25713 you reached The Valley of the Dead. On T:25777 you advanced to experience level 18. On T:26072 you advanced to experience level 19. On T:26382 you reached level 2 of Gehennom. On T:26647 you embarked upon an epic quest. On T:26678 you reached level 2 of The Quest. On T:26813 you reached level 3 of The Quest. On T:26897 you reached level 4 of The Quest. On T:26963 you reached level 5 of The Quest. On T:27031 you reached level 6 of The Quest. On T:27144 you killed Lord Surtur on level 6 of The Quest. On T:27295 you completed the quest! On T:27820 you genocided class 'L'. On T:27821 you genocided mind flayers. On T:27821 you genocided master mind flayers. On T:28233 you reached level 9 of Gehennom. On T:28445 you advanced to experience level 20. On T:28523 you reached level 10 of Gehennom. On T:29201 you reached level 11 of Gehennom. On T:29203 you reached level 3 of Vlad's Tower. On T:29295 you reached level 2 of Vlad's Tower. On T:29365 you reached level 1 of Vlad's Tower. On T:29784 you reached level 12 of Gehennom. On T:30643 you reached level 21 of Gehennom. On T:30654 you wished for "blessed fixed tooled horn named THE HORN OF YENDOR". On T:30711 you reached level 20 of Gehennom. On T:30715 you reached level 19 of Gehennom. On T:31479 you reached level 18 of Gehennom. On T:31626 you reached level 17 of Gehennom. On T:32472 you reached level 15 of Gehennom. On T:32780 you advanced to experience level 21. On T:32797 you killed Wizard of Yendor on level 15 of Gehennom. On T:32903 you performed the invocation. On T:32905 you reached level 22 of Gehennom. On T:32961 you killed high priest of Moloch on level 22 of Gehennom. On T:32963 you gained the Amulet of Yendor! On T:33122 you killed Wizard of Yendor on level 18 of Gehennom. On T:33122 you killed Wizard of Yendor on level 18 of Gehennom. On T:33267 you reached level 16 of Gehennom. On T:33357 you reached level 14 of Gehennom. On T:33425 you reached level 13 of Gehennom. On T:33535 you lost the Amulet of Yendor. On T:33536 you gained the Amulet of Yendor! On T:33867 you reached level 8 of Gehennom. On T:33954 you advanced to experience level 22. On T:34074 you reached level 7 of Gehennom. On T:34098 you reached level 6 of Gehennom. On T:34274 you reached level 5 of Gehennom. On T:34278 you killed Juiblex on level 5 of Gehennom. On T:34352 you reached level 4 of Gehennom. On T:34470 you killed Wizard of Yendor on level 4 of Gehennom. On T:34646 you reached level 3 of Gehennom. On T:34836 you killed Wizard of Yendor on level 24 of The Dungeons of Doom. On T:34960 you wished for "blessed magic marker". On T:35558 you killed Wizard of Yendor on level 2 of The Dungeons of Doom. On T:35902 you reached the Plane of Earth. On T:35903 you killed Wizard of Yendor on the Plane of Earth. On T:35906 you killed Wizard of Yendor on the Plane of Earth. On T:35982 you reached the Plane of Air. On T:36044 you reached the Plane of Fire. On T:36092 you reached the Plane of Water. On T:36094 you genocided class ';'. On T:36116 you reached the Astral Plane. On T:36127 you killed Death on the Astral Plane. On T:36138 you killed Pestilence on the Astral Plane. On T:36143 you killed Pestilence on the Astral Plane. On T:36147 you killed Death on the Astral Plane. On T:36185 you lost the Amulet of Yendor. On T:36185 you offered the Amulet of Yendor to Tyr and ascended to the status of Demigoddess! Score breakdown: Gold: 504 ( 9195 points) Experience: 22 levels (25528 points) Exploration: 49 levels (100.00%) (30000 points) Discoveries: 88 items ( 35.20%) (17798 points) Valuables value: 300 ( 8431 points) Artifact value: 30000 (15229 points) Variety of kills: 269 monsters ( 70.79%) (25240 points) Turncount: 36185 turns (-4278 points) Survival: ascended (score multiplied by 200%) Total score: 254286 Latest messages: The renegade priestess of Loki looks better. The high priestess intones: "Pilgrim, you enter a sacred place!" The lurker above engulfs you! The lurker above digests you! You hit the lurker above! The weapon burns the lurker above! You hit the lurker above! The weapon burns the lurker above! You kill the lurker above! The lurker above disappears in a puff of logic. Please move the cursor to an unknown object. Never mind. You offer the Amulet of Yendor to Tyr... An invisible choir sings, and you are bathed in radiance... The voice of Tyr booms out: "Congratulations, mortal!" "In return for thy service, I grant thee the gift of Immortality!" You ascend to the status of Demigoddess... Final status: Farvel Olwyn the Demigoddess, ascended... You went to your reward with 254286 points, Excalibur (worth 4000 zorkmids) The Book of the Dead (worth 10000 zorkmids) The Candelabrum of Invocation (worth 5000 zorkmids) The Orb of Fate (worth 3500 zorkmids) The Bell of Opening (worth 5000 zorkmids) The Sceptre of Might (worth 2500 zorkmids) 1 amulet of life saving (worth 150 zorkmids), 1 amulet of reflection (worth 150 zorkmids), and 504 pieces of gold, after 36185 moves. You were level 22 with a maximum of 205 hit points when you ascended.